 Dungeon Crawl Stone Soup version 0.29-a0-555-g3b24f45cc1 (webtiles) character file.

Game seed: 6396657107512186906

30 thriggle the Sneak (level 3, 0/22 HPs)
             Began as an Octopode Enchanter on June 7, 2022.
             Was a Follower of Ru.
             Slain by a gnoll
             ... wielding a +0 spear
              (7 damage)
             ... on level 2 of the Dungeon.
             The game lasted 00:04:43 (1277 turns).

thriggle the Sneak (Octopode Enchanter)             Turns: 1277, Time: 00:04:45

Health: 0/22       AC:  1    Str:  7    XL:     3   Next: 18%
Magic:  0/6        EV: 13    Int: 17    God:    Ru [*.....]
Gold:   37         SH:  0    Dex: 14    Spells: 4/6 levels left

rFire   . . .      SeeInvis .   i - +1 dagger (holy)
rCold   . . .      Faith    .   (no shield)
rNeg    . . .      Spirit   .   (helmet restricted)
rPois   .          Reflect  .   (no amulet)
rElec   .          Harm     .   (no ring)
rCorr   .          Rampage  .   (no ring)
Will    .....                   (no ring)
Stlth   ++++......              (no ring)
HPRegen 0.07/turn               (no ring)
MPRegen 0.10/turn               (no ring)
                                (no ring)
                                (no ring)

@: very slightly contaminated, unable to read
A: almost no armour, amphibious, 8 rings, camouflage 1, gelatinous body 1,
inability to read while threatened, (nimble swimmer 1), tentacles
a: Renounce Religion


You were on level 2 of the Dungeon.
You worshipped Ru.
Ru was aware of your devotion.
You visited 1 branch of the dungeon, and saw 2 of its levels.

You collected 37 gold pieces.

Inventory:

Hand Weapons
 a - a +1 dagger
 i - a +1 dagger of holy wrath (weapon)
Missiles
 c - a throwing net (quivered)
 f - 23 stones
 l - 3 poisoned darts
Scrolls
 e - 4 scrolls of identify {unknown}
 k - a scroll of teleportation {unknown}
Potions
 b - 2 potions of invisibility
 d - a potion of mutation {unknown}
 g - a potion of lignification {unknown}
 h - a potion of flight {unknown}
 j - a potion of berserk rage {unknown}


   Skills:
 + Level 0.7 Fighting
 + Level 1.4 Short Blades
 + Level 2.3 Dodging
 + Level 4.3 Stealth
 + Level 2.3 Spellcasting
 + Level 3.1 Hexes
 + Level 0.0 Ice Magic


You had 4 spell levels left.
You knew the following spells:

 Your Spells              Type           Power      Damage    Failure   Level
a - Ensorcelled Hibernat  Hex/Ice        14%        N/A       14%         2

Your spell library contained the following spells:

 Spells                   Type           Power      Damage    Failure   Level
 Confusing Touch          Hex            12%        N/A       16%         3
 Tukima's Dance           Hex            12%        N/A       16%         3
 Beastly Appendage        Tmut           2%         N/A       19%         1
 Sting                    Tmut/Pois      4%         1d3       19%         1
 Passwall                 Tmut/Erth      0%         N/A       28%         2
 Dazzling Flash           Conj/Hex       14%        N/A       30%         3
 Dragon Form              Tmut           0%         N/A       100%        7
 Necromutation            Tmut/Necr      0%         N/A       100%        8


Dungeon Overview and Level Annotations

Branches:
Dungeon (2/15)

Altars:
Ru

Shops:
D:1 (


Innate Abilities, Weirdness & Mutations

You cannot wear most types of armour.
You are amphibious.
You can wear up to eight rings at the same time.
Your skin changes colour to match your surroundings (Stealth+).
Your rubbery body absorbs attacks. (AC +1, EV +1)
You sometimes lose the ability to read scrolls when taking damage.
((You are camouflaged when in or above water. (Stealth+)))
You have tentacles for arms and can constrict up to eight enemies at once.


Message History

The jackal is almost dead.
You constrict the jackal.
You kill the jackal!
A frilled lizard comes into view.
A gnoll comes into view. It is wielding a +0 spear.
The gnoll shouts!
You hear a shout!
A gnoll comes into view. It is wielding a +0 halberd.
The gnoll moves out of view.
A gnoll comes into view. It is wielding a +0 flail.
The gnoll moves out of view.
Casting: Ensorcelled Hibernation (safe; 14% risk of failure)
Confirm with . or Enter, or press ? or * to list all spells.
Aiming: Ensorcelled Hibernation (safe; 14% risk of failure)
Press: ? - help, Shift-Dir - straight line, f - gnoll
Aim: a gnoll, wielding a +0 spear (chance to affect: 50%)
You miscast Ensorcelled Hibernation.
You are very lightly contaminated with residual magic.
Nothing appears to happen.
The gnoll shouts!
The frilled lizard hisses angrily.
You hear a shout! x2
A kobold comes into view. It is wielding a +0 short sword.
The gnoll hits you from afar with a +0 spear!
Casting: Ensorcelled Hibernation (safe; 14% risk of failure)
Confirm with . or Enter, or press ? or * to list all spells.
Aiming: Ensorcelled Hibernation (safe; 14% risk of failure)
Press: ? - help, Shift-Dir - straight line, f/p - gnoll
Aim: a gnoll, wielding a +0 spear (chance to affect: 50%)
You miscast Ensorcelled Hibernation.
Nothing appears to happen.
A gnoll comes into view. It is wielding a +0 flail.
The gnoll hits you from afar with a +0 spear.
You feel threatened and lose the ability to read scrolls!
You can read scrolls again.
Casting: Ensorcelled Hibernation (safe; 14% risk of failure)
Confirm with . or Enter, or press ? or * to list all spells.
Aiming: Ensorcelled Hibernation (safe; 14% risk of failure)
Press: ? - help, Shift-Dir - straight line, f/p - gnoll
Aim: a gnoll, wielding a +0 spear (chance to affect: 50%)
The gnoll resists with some effort.
The gnoll hits you from afar with a +0 spear!
You feel threatened and lose the ability to read scrolls!
You die...

#........######
#.............#
#........####.#
.........#
#.#####
#........#
#.....#
##.#####.#
#####.# ...#
#.# ##.# .###
#.# #..# )# #.
#@## .#######.
#.# .........
#g# .########
#.# .# #l# .#
#g# .. #g# ##
#K# #.K


You could see 3 gnolls, a kobold and a frilled lizard.

Vanquished Creatures
  3 dart slugs (D:1)
  A ball python (D:1)
  3 endoplasms
  A goblin (D:1)
  A hobgoblin (D:1)
  2 jackals (D:2)
  4 kobolds
  2 bats (D:1)
  2 frilled lizards (D:1)
  5 rats
  A bush (D:1)
25 creatures vanquished.

Vanquished Creatures (others)
  A quokka (D:1)
  2 plants (D:1)
  4 toadstools (D:1)
7 creatures vanquished.

Grand Total: 32 creatures vanquished

Notes
Turn   | Place    | Note
-------+----------+-------------------------------------------
     0 | D:1      | thriggle the Octopode Enchanter began the quest for the
                  | Orb.
     0 | D:1      | Reached XP level 1. HP: 11/11 MP: 3/3
    43 | D:1      | Found a faded altar of an unknown god.
    44 | D:1      | Found Ifeebolo's Antique Weapon Shoppe.
    47 | D:1      | Prayed at the altar of an unknown god.
    47 | D:1      | Became a worshipper of Ru the Awakened
    66 | D:1      | Gained mutation: You sometimes lose the ability to read
                  | scrolls when taking damage. [Ru sacrifice]
    66 | D:1      | Reached * piety under Ru
    99 | D:1      | Reached XP level 2. HP: 4/18 MP: 5/5
   104 | D:1      | Got Faim's Tome of Poison and Moulding
   108 | D:1      | Learned a level 2 spell: Ensorcelled Hibernation
   881 | D:1      | Reached XP level 3. HP: 22/22 MP: 1/6
  1277 | D:2      | Slain by a gnoll

Illustrated notes

Levels and vault maps discovered:
D:1:      ldierk_walled_garden_2, layout_basic, serial_shops,
          nicolae_shop_stone, serial_forest, infiniplex_forest_lined_room_2,
          infiniplex_forest_straight_4, infiniplex_forest_zigzag_1,
          infiniplex_forest_clump_double, infiniplex_forest_corner_1,
          infiniplex_forest_corner_2, infiniplex_forest_lined_room_,
          infiniplex_forest_clump_long, hellmonk_ecumenical_altar_heavens_door
D:2:      layout_loops_ring, basic_altar, grunt_ministairs_10

Action                   || total
-------------------------++-------
Melee: Dagger            ||   166
       Constrict         ||    10
       Tentacles         ||    49
       Punch             ||     3
 Cast: Ensorcelled Hiber ||     9
Invok: Sacrifice Words   ||     1
 Stab: Sleeping          ||    12
Armor: Skin              ||     4
Dodge: Dodged            ||    19

Table legend: (Time is in decaauts)
 A = Elapsed time spent in this place.
 B = Non-inter-level travel time spent in this place.
 C = Inter-level travel time spent in this place.
 D = Time resting spent in this place.
 E = Time spent auto-exploring this place.
 F = Levels seen in this place.
 G = Mean time per level.
                   A        B        C        D        E       F      G
               +--------+--------+--------+--------+--------+-----+--------+
         Total |   1264 |   1249 |     15 |    240 |    588 |   2 |  632.0 |
       Dungeon |   1264 |   1249 |     15 |    240 |    588 |   2 |  632.0 |
               +--------+--------+--------+--------+--------+-----+--------+

Top non-repeatable levels by time:
     D:1: 989 daAuts
     D:2: 275 daAuts
